 Dungeon Crawl Stone Soup version 0.27.1-3-gb3d3a73c9e (webtiles) character file.

Game seed: 9370293398765389540

98 belegose the Skirmisher (level 4, 0/41 (42) HPs)
             Began as a Naga Abyssal Knight on Oct 18, 2021.
             Was a Follower of Lugonu.
             Succumbed to Crazy Yiuf's poison
             ... on level 3 of the Dungeon.
             The game lasted 00:06:18 (2975 turns).

belegose the Skirmisher (Naga Abyssal Knight)       Turns: 2975, Time: 00:06:19

HP:   0/41 (42)     AC:  3    Str: 15    XL:     4   Next: 71%
MP:   6/6           EV:  9    Int: 13    God:    Lugonu [*.....]
Gold: 76            SH:  0    Dex: 10    Spells: 3/3 levels left

rFire    . . .     SeeInvis +   a - +2 dagger (venom)
rCold    . . .     Faith    .   (no shield)
rNeg     . . .     Spirit   .   k - +0 leather armour
rPois    +         Reflect  .   (no helmet)
rElec    .         Harm     .   (no cloak)
rCorr    .         Rampage  .   (no gloves)
Will     .....                  (no barding)
Stlth    ++........             o - amulet of magic regeneration
HPRegen  0.13/turn              (no ring)
MPRegen  0.35/turn              (no ring)

@: mighty, lethally poisoned (0 -> -10), short of breath, lightly drained, very
slow
A: AC +1, large, see invisible, deformed body, poison resistance, slowness 2,
spit poison 1, naga tail 1
a: Spit Poison, Renounce Religion, Depart the Abyss


You were on level 3 of the Dungeon.
You worshipped Lugonu.
Lugonu was aware of your devotion.
You visited 1 branch of the dungeon, and saw 3 of its levels.
You visited the Abyss 1 time.

You collected 76 gold pieces.

Inventory:

Hand Weapons
 a - a +2 dagger of venom (weapon)
 b - a +0 hunting sling
 j - a +2 dagger of draining
 u - a +3 mace
Missiles
 e - 86 stones
 p - 21 bolts
 s - 29 sling bullets
Armour
 k - a +0 leather armour (worn)
 q - a +0 scale mail
Jewellery
 o - an amulet of magic regeneration (around neck)
Scrolls
 c - 3 scrolls of teleportation {unknown}
 h - 3 scrolls of identify {unknown}
 m - a scroll of enchant armour {unknown}
 r - a scroll of brand weapon {unknown}
 t - a scroll of amnesia {unknown}
Potions
 f - 2 potions of brilliance {unknown}
 i - 2 potions of heal wounds
 l - a potion of lignification {unknown}
 n - a potion of curing {unknown}
Miscellaneous
 d - a tin of tremorstones (1/2)


   Skills:
 + Level 3.5 Fighting
 + Level 1.5 Short Blades
 - Level 2.0 Maces & Flails
 - Level 1.5 Armour
 - Level 0.7 Dodging
 + Level 2.6 Stealth
 + Level 2.8 Invocations
 + Level 1.6 Evocations


You had 3 spell levels left.
You didn't know any spells.
Your spell library contained the following spells:

 Spells                   Type           Power      Damage    Failure   Level
 Conjure Flame            Conj/Fire      0%         6-21      75%         3
 Ignite Poison            Fire/Tmut/Pois 0%         N/A       75%         3
 Ozocubu's Armour         Ice            0%         N/A       75%         3
 Sticky Flame             Conj/Fire      0%         2d3       98%         4
 Ozocubu's Refrigeration  Ice            0%         4d5       100%        7


Dungeon Overview and Level Annotations

Branches:
Dungeon (3/15)

Altars:
Cheibriados
Dithmenos
Fedhas
Sif Muna
Yredelemnul


Innate Abilities, Weirdness & Mutations

Your serpentine skin is tough. (AC +1)
You have supernaturally acute eyesight. (SInv)
Armour fits poorly on your strangely shaped body.
Your system is resistant to poisons. (rPois)
You cover ground very slowly.
You can spit poison.
You have a snake-like lower body.


Message History

Found four maces and a glowing mace.
Found three maces.
You see here a +0 mace.
You see here a +3 mace.
u - a +3 mace Drop what? 21/52 slots (_ for help) (? for menu, Esc to quit)
You are now empty-handed.
You drop a +1 mace.
u - a +3 mace (weapon)
You see here a +0 mace.
Found a mace.
Found a runed translucent door.
Crazy Yiuf shouts!
As you open the door, it creaks loudly!
Press: ? - help, Shift-Dir - straight line, f - Crazy Yiuf
Aim: Crazy Yiuf, wielding a +4 quarterstaff of chaos and wearing a +0 cloak The splash of poison hits Crazy Yiuf but does no damage.
Crazy Yiuf is poisoned.
Crazy Yiuf hits you with a +4 quarterstaff of chaos!
You are poisoned.
Unknown command.
Your +2 dagger of venom begins to drip with poison!
a - a +2 dagger of venom (weapon)
You feel very sick.
You hit Crazy Yiuf.
Crazy Yiuf looks even sicker.
Crazy Yiuf is moderately wounded.
You feel very sick.
Crazy Yiuf hits you with a +4 quarterstaff of chaos!
* * * LOW HITPOINT WARNING * * *
You feel very mighty all of a sudden.
Unknown command.
It was a potion of heal wounds.
You feel much better.
You feel very sick.
Crazy Yiuf hits you with a +4 quarterstaff of chaos.
You feel drained.
The tremorstone explodes into fragments!
The burst of rock shards engulfs Crazy Yiuf!!
You kill Crazy Yiuf!
Lugonu accepts your kill. The burst of rock shards engulfs you!!
* * * LOW HITPOINT WARNING * * *
You die...

## #.....#####.###
.# ###...## #.# .#
#...### #.# .# ###
##### ### .# #>.
.# #.# ##♣♣♣♣♣ .#
#.###)).♣.♣♣♣ ###
.#
#..).))).♣..♣#...#
.#
#....)))♣♣♣♣@)...#
.####.#)#))♣♣
♣♣#..)#
......####♣♣ ###
#######


There were no monsters in sight!

Vanquished Creatures
  Crazy Yiuf (D:3)
  7 adders
  3 bats
  3 endoplasms
  7 goblins
  3 hobgoblins
  3 kobolds
  6 ball pythons
  6 rats
  A spectral orc (D:3)
40 creatures vanquished.

Notes
Turn   | Place    | Note
-------+----------+-------------------------------------------
     0 | Abyss:1  | belegose the Naga Abyssal Knight began the quest for the
                  | Orb.
     0 | Abyss:1  | Reached XP level 1. HP: 21/21 MP: 2/2
    72 | Abyss:2  | Noticed a wretched star
    73 | D:1      | Escaped the Abyss
   357 | D:1      | Reached XP level 2. HP: 24/28 MP: 3/3
   368 | D:1      | Reached skill level 1 in Stealth
   370 | D:1      | Reached * piety under Lugonu
   730 | D:1      | Found a faded altar of an unknown god.
  1122 | D:2      | Reached XP level 3. HP: 34/34 MP: 4/4
  1187 | D:2      | Reached skill level 1 in Evocations
  1261 | D:2      | Reached skill level 1 in Short Blades
  2064 | D:3      | Reached XP level 4. HP: 42/42 MP: 4/6
  2127 | D:3      | Found a blossoming altar of Fedhas.
  2129 | D:3      | Found a shimmering blue altar of Sif Muna.
  2332 | D:3      | Found a snail-covered altar of Cheibriados.
  2569 | D:3      | Found a shadowy altar of Dithmenos.
  2643 | D:3      | Found a basalt altar of Yredelemnul.
  2966 | D:3      | Found a runed translucent door.
  2967 | D:3      | Noticed Crazy Yiuf
  2975 | D:3      | Killed Crazy Yiuf
  2975 | D:3      | HP: 2/41 [shot self (18)]
  2975 | D:3      | Succumbed to Crazy Yiuf's poison

Illustrated notes

Levels and vault maps discovered:
D:1:      psy_arrival_fountain, layout_rooms, ebering_ecumenical_altar_mist
D:2:      layout_basic
D:3:      layout_loops_ring, cheibriados_altar_1,
          yredelemnul_forgotten_temple_becter, lemuel_coloured_pillars_altar,
          grunt_temple_overflow_open, uniq_crazy_yiuf_cottage

Skill      XL: |  1  2  3 |
---------------+----------+-----
Stealth        | 1 2 |  2.6
Evocations     | 1 |  1.6
Short Blades   | 1 |  1.5
Fighting       | |  3.5
Maces & Flails | |  2.0
Armour         | |  1.5
Dodging        | |  0.7
Invocations    | |  2.8

Action                   |  1- 3 |  4- 6 || total
-------------------------+-------+-------++-------
Melee: Dagger            |    85 |    18 ||   103
       Mace              |     9 |     6 ||    15
Invok: Depart the Abyss  |     1 |       ||     1
 Abil: Spit Poison       |     7 |     3 ||    10
Evoke: Tin of tremorston |       |     1 ||     1
  Use: Potion            |       |     1 ||     1
 Stab: Sleeping          |     1 |     2 ||     3
Armor: Leather armour    |    14 |     6 ||    20
Dodge: Dodged            |    44 |     7 ||    51
